 Dungeon Crawl Stone Soup version 0.30.0-18-gc0e69614cb (webtiles) character file.

Game seed: 11946139514262027420

10910 Iich the Cleaver (level 11, -2/92 HPs)
             Began as a Demonspawn Fighter on May 23, 2023.
             Was an Initiate of Gozag.
             Slain by a sun demon (5 damage)
             ... in a volcano.
             The game lasted 00:17:47 (8537 turns).

Iich the Cleaver (Demonspawn Fighter)               Turns: 8537, Time: 00:17:48

Health: -2/92      AC: 20    Str: 19    XL:     11   Next: 42%
Magic:  11/11      EV: 13    Int:  8    God:    Gozag
Gold:   310        SH: 10    Dex: 24    Spells: 10/10 levels left

rFire   + + .        H - +7 war axe (chaos)
rCold   . . .        U - +0 kite shield {rF+}
rNeg    . . .        K - +2 chain mail {rF+}
rPois   .            (helmet unavailable)
rElec   .            (no cloak)
rCorr   +            l - +1 pair of gloves
SInv    +            V - +2 pair of boots {Fly}
Will    .....        w - amulet of regeneration Stlth
                     h - +6 ring of dexterity
HPRegen 1.15/turn    o - +5 ring of evasion
MPRegen 0.12/turn

%: no passive effects
@: brilliant, flying
A: antennae 3, yellow scales 3, foul stench 1, agile 1
a: Renounce Religion, Potion Petition, Call Merchant, Bribe Branch


You were in a volcano.
You worshipped Gozag.
Gozag was aware of your devotion.
You visited 2 branches of the dungeon, and saw 11 of its levels.
You also visited: Sewer and Volcano.

You collected 2176 gold pieces.
You spent 226 gold pieces at shops.
You paid 1640 gold pieces to Gozag.

Inventory:

Hand Weapons
 m - a +3 war axe of freezing
 H - a +7 war axe of chaos (weapon)
Missiles
 x - a throwing net (quivered)
Armour
 a - a +0 plate armour
 b - a +0 scale mail
 f - a +0 chain mail
 l - a +1 pair of gloves (worn)
 K - a +2 chain mail of fire resistance (worn)
 U - a +0 kite shield of fire resistance (worn)
 V - a +2 pair of boots of flying (worn)
Jewellery
 c - a +5 ring of evasion
 h - a +6 ring of dexterity (left hand)
 i - an amulet of magic regeneration
 j - a ring of flight
 o - a +5 ring of evasion (right hand)
 v - an amulet of the acrobat
 w - an amulet of regeneration (around neck)
 F - a ring of protection from fire
 I - a ring of protection from cold
 S - a +6 ring of dexterity
Wands
 N - a wand of mindburst (2)
 O - a wand of flame (22)
 T - a wand of acid (5)
Scrolls
 g - 2 scrolls of fear
 k - a scroll of magic mapping
 p - a scroll of brand weapon
 r - 3 scrolls of fog
 t - a scroll of teleportation
 u - a scroll of butterflies
 z - a scroll of amnesia
 A - a scroll of torment
 B - a scroll of blinking
 C - a scroll of enchant weapon
 D - a scroll of immolation
 G - a scroll of poison
 M - a scroll of vulnerability
Potions
 d - a potion of might
 e - a potion of lignification
 n - 2 potions of resistance
 q - 2 potions of curing
 s - a potion of invisibility
 y - a potion of magic {unknown}
 E - a potion of brilliance
 J - a potion of haste {unknown}
 L - a potion of cancellation
 P - a potion of flight
 R - a potion of mutation


   Skills:
 + Level 10.8 Fighting
 * Level 13.4 Axes
 - Level 2.6 Armour
 + Level 2.7 Dodging
 - Level 2.6 Shields


You had 10 spell levels left.
You didn't know any spells.
Your spell library contained the following spells:

 Spells                   Type           Power      Damage    Failure   Level
 Apportation              Tloc           0%         N/A       100%        1
 Freeze                   Ice            0%         1d3       100%        1
 Necrotise                Necr           0%         1d4       100%        1
 Summon Small Mammal      Summ           0%         N/A       100%        1
 Ensorcelled Hibernation  Hex/Ice        0%         N/A       100%        2
 Passwall                 Tmut/Erth      0%         N/A       100%        2
 Frozen Ramparts          Ice            0%         1d1       100%        3
 Hailstorm                Conj/Ice       0%         3d3       100%        3
 Swiftness                Air            0%         N/A       100%        3
 Vhi's Electric Charge    Tloc/Air       0%         N/A       100%        3
 Arcjolt                  Conj/Air       0%         1d10      100%        5
 Maxwell's Capacitive Co  Air            0%         ∞         100%        8


Dungeon Overview and Level Annotations

Branches:
Dungeon (10/15)            Temple (0/1) D:7            Lair (1/5) D:9
    Orc (0/2) D:10          Sewer (visited)         Volcano (1/1)

Altars:
Fedhas
Gozag
Hepliaklqana
Okawaru
Sif Muna
Trog
Uskayaw
Vehumet
Xom

Shops:
D:1 (   D:6 *   D:10 *


Innate Abilities, Weirdness & Mutations

You have a pair of large antennae on your head. (SInv)
You are completely covered in yellow scales. (AC +4, rCorr)
You may rarely emit foul miasma when damaged in melee.
You are agile. (Dex +4, Str/Int -1)


Message History

You slash the sun demon!
The sun demon seems to grow stronger.
The sun demon is no longer distracted by gold.
The sun demon is moderately wounded.
The sun demon hits you.
You are engulfed in flames.
You resist. The sun demon closely misses you.
You take 5 damage, and have 65/92 hp.
You hit the sun demon but do no damage.
Nothing appears to happen.
The sun demon is moderately wounded.
You block the sun demon's attack.
The sun demon hits you but does no damage.
Unknown command.
You regained 2 hp, and now have 67/92 hp.
You slash the sun demon!
The sun demon is moderately wounded.
The sun demon hits you!!
You are engulfed in flames.
You resist.
* * * LOW HITPOINT WARNING * * *
The sun demon hits you!
* * * LOW HITPOINT WARNING * * *
You are engulfed in flames.
You resist.
* * * LOW HITPOINT WARNING * * *
You take 40 damage, and have 27/92 hp. !!!!--MASSIVE DAMAGE--!!!!
You slash the sun demon! You freeze the sun demon.
The sun demon is heavily wounded.
You block the sun demon's attack. The sun demon closely misses you.
Unknown command.
You hit the sun demon.
The sun demon is heavily wounded.
The sun demon completely misses you.
You hit the sun demon.
The sun demon appears confused.
The sun demon is heavily wounded.
The sun demon hits you but does no damage.
You catch the helpless sun demon completely off-guard!
You hit the sun demon but do no damage.
The sun demon is heavily wounded.
The air gets thick with the scent of sulphur.
The sun demon hits you!!
* * * LOW HITPOINT WARNING * * *
You are engulfed in flames.
You resist.
You die...
Your body crumbles into a pile of gold.

##....≈≈≈≈≈
##....§§§§≈≈ ###
##.....§§§≈≈≈
#...
#....§≈§≈≈≈≈≈
##...
$#...≈≈≈≈§≈≈≈≈
#....#
#...≈≈≈≈§≈≈§§
#....3##
#....≈§≈≈≈§≈§
#.@##
#....≈§≈≈≈≈≈
##..##
###...§≈≈≈≈≈
##..##
##...≈≈≈≈§≈
##$.###8....≈≈≈§≈
$#∩.'........§≈§§
##..###8.....≈§§§
##))##
###....§≈§≈ #).##
##....... #..##
####..##


You could see a sun demon (berserk, strong, confused).

Vanquished Creatures
  A two-headed ogre (D:10)
  A tengu warrior (D:9)
  A hell knight (Volcano)
  A manticore (D:10)
  A gargoyle (D:10)
  A rime drake (Lair:1)
  5 red devils (Volcano)
  A hornet (D:9)
  2 wyverns
  3 yaks (D:9)
  8 fire bats
  A steam dragon (D:7)
  2 acid dragons
  3 water moccasins
  3 orc warriors
  2 sky beasts
  2 ogres (D:5)
  3 centaurs
  A phantom (D:5)
  4 kobold brigands
  4 gnoll sergeants
  7 scorpions
  16 wights
  10 killer bees (D:9)
  4 lava snakes (Volcano)
  6 hounds
  6 orc priests
  2 jellies
  8 orc wizards
  4 sleepcaps
  Terence (D:3)
  16 gnolls
  11 adders
  2 river rats (D:6)
  2 white imps
  3 ufetubi (D:5)
  4 worms
  3 dart slugs
  36 orcs
  10 ball pythons
  5 bats
  16 endoplasms
  3 giant cockroaches
  7 hobgoblins
  3 jackals (Sewer)
  3 quokkas
  A frilled lizard (D:1)
  11 goblins
  28 kobolds
  5 rats
283 creatures vanquished.

Notes
Turn   | Place    | Note
-------+----------+-------------------------------------------
     0 | D:1      | Iich the Demonspawn Fighter began the quest for the Orb.
     0 | D:1      | Reached XP level 1. HP: 18/18 MP: 1/1
    34 | D:1      | Reached skill level 2 in Axes
    80 | D:1      | Found Ufopn's Antique Weapon Emporium.
   112 | D:1      | Gained mutation: You are partially covered in yellow
                  | scales. (AC +2) [demonic ancestry]
   112 | D:1      | Reached XP level 2. HP: 23/24 MP: 2/2
   418 | D:1      | Reached XP level 3. HP: 22/29 MP: 3/3
   576 | D:2      | Reached skill level 3 in Axes
   616 | D:2      | Gained mutation: You have a pair of small antennae on your
                  | head. [demonic ancestry]
   616 | D:2      | Reached XP level 4. HP: 36/37 MP: 4/4
  1243 | D:3      | Noticed Terence
  1247 | D:3      | Killed Terence
  1248 | D:3      | Reached skill level 4 in Axes
  1400 | D:3      | Found a shimmering blue altar of Sif Muna.
  1408 | D:3      | Found a shimmering altar of Xom.
  1408 | D:3      | Found a hazy altar of Hepliaklqana.
  1409 | D:3      | Found an opulent altar of Gozag.
  1472 | D:3      | Became a worshipper of Gozag Ym Sagoz the Greedy
  1713 | D:3      | Gained mutation: You have a pair of antennae on your head.
                  | [demonic ancestry]
  1713 | D:3      | Reached XP level 5. HP: 39/42 MP: 5/5
  2166 | D:4      | Found a transporter.
  2173 | D:4      | Noticed a fire bat
  2174 | D:4      | Noticed a fire bat
  2209 | D:4      | Found a transporter.
  2377 | D:4      | Killed a fire bat
  2378 | D:4      | Reached skill level 5 in Axes
  2378 | D:4      | Reached XP level 6. HP: 44/50 MP: 6/6
  2400 | D:4      | Killed a fire bat
  2401 | D:4      | Reached skill level 5 in Fighting
  2401 | D:4      | Reached XP level 7. HP: 56/56 MP: 7/7
  2641 | D:4      | Reached skill level 6 in Axes
  3266 | D:5      | Entered Level 5 of the Dungeon
  3408 | D:5      | Reached skill level 7 in Axes
  3519 | D:5      | Gained mutation: You have a pair of large antennae on your
                  | head. (SInv) [demonic ancestry]
  3519 | D:5      | Reached XP level 8. HP: 46/64 MP: 8/8
  3960 | D:6      | Reached skill level 8 in Axes
  4154 | D:6      | Found a glowing drain.
  4176 | Sewer    | Entered a sewer
  4282 | Sewer    | Identified the +4 falchion of Ruination {heavy, rElec rF+
                  | MP+9}
  4503 | D:6      | Found Lotsunip's Lightly-Used Armoury.
  4795 | D:7      | Reached skill level 9 in Axes
  4861 | D:7      | Gained mutation: You are mostly covered in yellow scales.
                  | (AC +3) [demonic ancestry]
  4861 | D:7      | Reached XP level 9. HP: 59/72 MP: 9/9
  5023 | D:7      | Gained mutation: You occasionally lose the ability to drink
                  | potions when taking damage. [potion of mutation]
  5023 | D:7      | Gained mutation: Your mind is acute. (Int +4, Str/Dex -1)
                  | [potion of mutation]
  5024 | D:7      | Lost mutation: You occasionally lose the ability to drink
                  | potions when taking damage. [potion of mutation]
  5024 | D:7      | Lost mutation: Your mind is acute. (Int +4, Str/Dex -1)
                  | [potion of mutation]
  5024 | D:7      | Gained mutation: You are agile. (Dex +4, Str/Int -1)
                  | [potion of mutation]
  5078 | D:7      | Found a hide-covered altar of Uskayaw.
  5358 | D:7      | Identified the +0 scale mail of the Iron City of Dis {rF+}
  5601 | D:7      | Found a staircase to the Ecumenical Temple.
  5668 | D:7      | Reached skill level 10 in Axes
  6469 | D:9      | Identified the ring "Beiros" {Fly rCorr Int+9 SInv}
  6552 | D:9      | Reached skill level 11 in Axes
  6552 | D:9      | Gained mutation: You are completely covered in yellow
                  | scales. (AC +4, rCorr) [demonic ancestry]
  6552 | D:9      | Reached XP level 10. HP: 82/82 MP: 10/10
  6704 | D:9      | Found a staircase to the Lair.
  6793 | D:9      | Noticed a tengu warrior
  6812 | D:9      | Killed a tengu warrior
  7042 | D:9      | Reached skill level 12 in Axes
  7282 | D:10     | Entered Level 10 of the Dungeon
  7282 | D:10     | Noticed a gargoyle
  7289 | D:10     | Killed a gargoyle
  7386 | D:10     | Found a blossoming altar of Fedhas.
  7446 | D:10     | Found a staircase to the Orcish Mines.
  7521 | D:10     | Reached skill level 10 in Fighting
  7641 | D:10     | Noticed a two-headed ogre
  7652 | D:10     | Killed a two-headed ogre
  7778 | D:10     | Noticed a manticore
  7784 | D:10     | Killed a manticore
  7938 | D:10     | Found Ufitaafi's Assorted Antiques.
  7946 | D:10     | Bought a clear potion for 24 gold pieces
  7946 | D:10     | Bought a pair of glowing boots for 202 gold pieces
  7986 | D:10     | Gained mutation: You may rarely emit foul miasma when
                  | damaged in melee. [demonic ancestry]
  7986 | D:10     | Reached XP level 11. HP: 58/85 MP: 11/11
  8025 | D:10     | Found a bloodstained altar of Trog.
  8028 | D:10     | Found a radiant altar of Vehumet.
  8118 | D:10     | Found an iron altar of Okawaru.
  8200 | Lair:1   | Entered Level 1 of the Lair of Beasts
  8291 | Lair:1   | Found a dark tunnel.
  8300 | Volcano  | Entered a volcano
  8331 | Volcano  | Reached skill level 13 in Axes
  8331 | Volcano  | Reached skill level 1 in Dodging
  8434 | Volcano  | Noticed a hell knight
  8444 | Volcano  | Killed a hell knight
  8521 | Volcano  | Noticed a sun demon
  8537 | Volcano  | HP: 3/92 [sun demon (28)]
  8537 | Volcano  | Slain by a sun demon

Illustrated notes

Levels and vault maps discovered:
D:1:      elethiomel_arrival_quiet, layout_rooms, serial_shops, shop,
          dreamdust_mushroom_princess, moated_statue
D:2:      layout_loops_ring
D:3:      layout_basic, tso_metal_star, minitemple, uniq_terence
D:4:      gammafunk_cloud_chamber, layout_loops_corners, kennysheep_boxes
D:5:      layout_cave_pools
D:6:      layout_basic, portal_sewer_entry_b, minmay_shop_damaged
D:7:      layout_basic, mainiacjoe_overflow_surrounded_room,
          lemuel_temple_firewalk_a
D:8:      layout_basic
D:9:      layout_rooms, dpeg_oklobed_lair, serial_rivers,
          chequers_serial_rivers_large_a, chequers_serial_rivers_large_b,
          chequers_serial_rivers_micro_b, chequers_serial_rivers_micro_e
D:10:     layout_basic, fedhas_bush_and_centaur_altar,
          nicolae_overflow_hidden_temple, serial_shops, shop
Lair:1:   layout_hall_layers, nicolae_volcano_entry_s_turn, uniq_amaemon
Volcano:  volcano_grotto [vgs_dualism]

Skill      XL: |  1  2  3  4  5  6  7  8  9 10 11 |
---------------+----------------------------------+-----
Axes           | 2 3 4 5 7 9 11 12 13 | 13.4
Fighting       | 4 5 6 7 8 10 | 10.8
Dodging        | 2 |  2.7
Armour         | |  2.6
Shields        | |  2.6

Action                     |  1- 3 |  4- 6 |  7- 9 | 10-12 || total
---------------------------+-------+-------+-------+-------++-------
  Melee: War axe           |    92 |   118 |   429 |   270 ||   909
 Invoke: Potion Petition   |       |       |     2 |     2 ||     4
  Evoke: Wand              |       |       |       |    11 ||    11
    Use: Scroll            |       |     2 |    14 |     3 ||    19
         Potion            |       |     3 |     4 |     3 ||    10
   Stab: Distracted        |       |     1 |     2 |     3 ||     6
         Paralysed         |       |       |       |     1 ||     1
         Confused          |       |       |       |     2 ||     2
 Armour: Scale mail        |     9 |       |       |       ||     9
         Chain mail        |    47 |    38 |   177 |    81 ||   343
         Plate armour      |       |       |       |    37 ||    37
  Dodge: Dodged            |    38 |    62 |   265 |   125 ||   490
  Block: Buckler           |    29 |    22 |   110 |    87 ||   248
         Kite shield       |       |       |       |    62 ||    62
